 Dungeon Crawl Stone Soup version 0.31.0-1-g2c135a0 (webtiles) character file.

Game seed: 5028711004594493147

16 jagoly the Trooper (level 2, 0/19 HPs)
             Began as a Gargoyle Monk on Jan 28, 2024.
             Slain by a scorpion (6 damage)
             ... on level 3 of the Dungeon.
             The game lasted 00:02:28 (461 turns).

jagoly the Trooper (Gargoyle Monk)                   Turns: 461, Time: 00:02:29

Health: 0/19       AC:  5    Str: 14    XL:     2   Next: 54%
Magic:  2/2        EV: 12    Int: 10    God:
Gold:   59         SH:  0    Dex: 12    Spells: 1/1 levels left

rFire   . . .        a - +0 hand axe
rCold   . . .        d - orb {light}
rNeg    + . .        b - +0 robe
rPois   ∞            e - +0 helmet
rElec   +            (no cloak)
rCorr   .            (no gloves)
SInv    .            (no boots)
Will    .....        (no amulet)
Stlth   +            (no ring)
HPRegen 0.23/turn    (no ring)
MPRegen 0.08/turn

%: no passive effects
@: glowing
A: sickness immunity, AC +2, negative energy resistance 1, electricity
resistance, torment resistance 1, petrification resistance
a: no special abilities


You were on level 3 of the Dungeon.
You visited 1 branch of the dungeon, and saw 4 of its levels.

You collected 59 gold pieces.

Inventory:

Hand Weapons
 a - a +0 hand axe (weapon)
Missiles
 f - 19 stones (quivered)
Armour
 b - a +0 robe (worn)
 d - an orb of light (worn)
 e - a +0 helmet (worn)
Scrolls
 g - a scroll of noise {unknown}
 h - a scroll of enchant weapon {unknown}
 i - a scroll of teleportation {unknown}
Potions
 c - a potion of ambrosia
 j - a potion of enlightenment {unknown}


   Skills:
 + Level 3.5 Fighting
 * Level 3.1 Axes
 - Level 2.4 Dodging
 + Level 1.1 Stealth


You had one spell level left.
You didn't know any spells.
Your spell library was empty.

Dungeon Overview and Level Annotations

Branches:
Dungeon (4/15) Zot: 23528
 Temple: D:4-7

Altars:
Dithmenos
Gozag
Zin


Innate Abilities, Weirdness & Mutations

You are immune to sickness and miasma.
Your stone body is resilient. (AC +2)
You are immune to poison.
You resist negative energy. (rN+)
You are resistant to electric shocks. (rElec)
You are resistant to unholy torment.
You are immune to petrification.


Message History

Welcome, jagoly the Gargoyle Monk.
They say the Orb of Zot lies within this dungeon, but they say a lot of things.
Press ? for a list of commands and other information.
Found a staircase leading out of the dungeon.
You open the door. 2 giant cockroaches come into view.
Found a helmet.
There is an open door here.
A rat comes into view.
The rat squeaks loudly.
The giant cockroach bites you but does no damage.
You hit the giant cockroach.
The giant cockroach is moderately wounded.
The giant cockroach closely misses you. x2
You barely miss the giant cockroach.
The giant cockroach is moderately wounded.
You hit the giant cockroach. The giant cockroach closely misses you.
The giant cockroach bites you but does no damage.
You hit the giant cockroach.
The giant cockroach is heavily wounded.
You hit the giant cockroach but do no damage.
The giant cockroach closely misses you. x2
You barely miss the giant cockroach.
The giant cockroach is heavily wounded.
You hit the giant cockroach but do no damage.
The giant cockroach barely misses you. x4
You hit the giant cockroach.
You kill the giant cockroach!
You hit the giant cockroach.
The giant cockroach bites you but does no damage.
You hit the giant cockroach.
You kill the giant cockroach!
You hit the rat but do no damage. The rat completely misses you.
The rat bites you but does no damage.
You hit the rat.
You kill the rat!
No target in view!
No target in view!
You see here a +0 helmet.
You start putting on your armour.
You continue putting on your +0 helmet. x4
You finish putting on your +0 helmet.
You open the door. You open the door.
Found a rapier.
As you open the door, it creaks loudly!
You open the door. You open the door.
Found 7 stones.
There is an open door here.
You see here 7 stones.
f - 7 stones
There is an open door here.
You open the door. You open the door. You open the door.
There is an open door here.
Found a scroll labelled ADOSEOFALOT.
g - a scroll labelled ADOSEOFALOT A giant cockroach comes into view.
A giant cockroach is nearby!
You barely miss the giant cockroach. The giant cockroach misses you.
The giant cockroach closely misses you.
You hit the giant cockroach.
You kill the giant cockroach!
No target in view!
No target in view!
No target in view!
No target in view!
You see here a giant cockroach corpse.
Found 9 gold pieces.
You now have 9 gold pieces.
A rat comes into view.
The rat squeaks loudly.
The rat moves out of view.
The rat bites you.
You hit the rat.
You kill the rat!
No target in view!
Found a stone staircase leading down.
Found a scroll labelled JIERUCSOYSH.
Found a stone staircase leading down.
h - a scroll labelled JIERUCSOYSH
There is a stone staircase leading down here.
You climb downwards.
There is a stone staircase leading up here.
You climb upwards.
There is a stone staircase leading down here.
There is a stone staircase leading down here.
You climb downwards.
There is a stone staircase leading up here.
A rat comes into view.
The rat squeaks loudly.
Found a stone staircase leading up.
The rat barely misses you.
You hit the rat.
The rat is severely wounded.
The rat misses you. The rat barely misses you.
You hit the rat but do no damage.
The rat is severely wounded.
The rat closely misses you.
You hit the rat.
You kill the rat!
No target in view!
There is a stone staircase leading up here.
You climb upwards.
There is a stone staircase leading down here.
You climb downwards.
There is a stone staircase leading up here.
A ball python comes into view.
The ball python hisses angrily.
The ball python moves out of view.
The ball python completely misses you. The ball python grabs you.
The ball python constricts you. The ball python closely misses you.
The ball python constricts you.
You escape the ball python's grasp.
You hit the ball python but do no damage.
The ball python closely misses you. The ball python grabs you.
The ball python constricts you.
The ball python bites you but does no damage.
The ball python constricts you.
You hit the ball python.
The ball python is moderately wounded.
The ball python bites you but does no damage.
The ball python constricts you.
You barely miss the ball python.
The ball python is moderately wounded.
The ball python bites you but does no damage.
The ball python constricts you. The ball python bites you.
The ball python constricts you.
You hit the ball python.
The ball python is severely wounded.
The ball python bites you. The ball python constricts you.
You escape the ball python's grasp.
You hit the ball python but do no damage.
The ball python is severely wounded.
The ball python bites you but does no damage.
The ball python grabs you. The ball python constricts you.
You hit the ball python.
You kill the ball python!
You have reached level 2!
HP restored.
Found an escape hatch in the floor.
There is an escape hatch in the floor here.
A bat comes into view.
The bat completely misses you.
A bat is nearby!
You hit the bat.
The bat is moderately wounded.
The bat closely misses you. The bat hits you but does no damage.
The bat barely misses you. The bat closely misses you.
You hit the bat.
You kill the bat!
Your Axes skill increases to level 3!
No target in view!
There is an escape hatch in the floor here.
You slide downwards.
The hatch slams shut behind you.
Found 12 gold pieces.
Found a shadowy altar of Dithmenos.
A goblin comes into view. It is wielding a +0 dagger.
The goblin shouts!
You see here 12 gold pieces.
You now have 21 gold pieces (gained 12).
A kobold comes into view.
The kobold shouts!
A kobold comes into view.
The kobold shouts!
The kobold throws a stone.
The stone barely misses you.
You hit the kobold.
You kill the kobold!
A kobold comes into view. It is wielding a +0 club.
The goblin hits you with a +0 dagger.
The kobold throws a stone.
The stone closely misses you.
The stone closely misses the goblin.
You hit the goblin.
You kill the goblin!
A kobold comes into view. It is wielding a +0 club.
The kobold shouts!
You enter the shallow water.
Moving in this stuff is going to be slow.
The kobold hits you but does no damage.
Your unstable footing causes you to fumble your attack.
The kobold splashes around in the water.
The kobold attacks as it pursues you! The kobold hits you.
The kobold hits you with a +0 club.
You see here 9 stones.
You hit the kobold.
You kill the kobold!
You hear a splash.
You hit the kobold but do no damage. The kobold barely misses you.
Your Stealth skill increases to level 1!
You hit the kobold.
You kill the kobold!
You hear a splash.
You barely miss the kobold. The kobold barely misses you.
You hit the kobold but do no damage. The kobold misses you.
You slash the kobold!
You kill the kobold!
No target in view!
No target in view!
f - 16 stones (gained 9)
You enter the shallow water.
Moving in this stuff is going to be slow.
f - 22 stones (gained 6)
There are no items here.
Things that are here:
a +0 club; a kobold corpse
Things that are here:
a +0 club; a kobold corpse
Found 18 gold pieces.
You now have 39 gold pieces (gained 18).
A hobgoblin comes into view.
A hobgoblin is nearby!
The hobgoblin shouts!
You hit the hobgoblin but do no damage. The hobgoblin hits you. x2
You hit the hobgoblin.
The hobgoblin is heavily wounded.
The hobgoblin hits you but does no damage.
You hit the hobgoblin.
You kill the hobgoblin!
No target in view!
No target in view!
You open the door.
Found 6 gold pieces.
Found a glowing silver altar of Zin and an opulent altar of Gozag.
There is an open door here.
You now have 41 gold pieces (gained 2).
You now have 42 gold pieces (gained 1).
You now have 44 gold pieces (gained 2).
You now have 45 gold pieces (gained 1).
There is an open door here.
Found a smoky dark potion.
Found a scroll labelled XYMOSSIA TIPS.
i - a scroll labelled XYMOSSIA TIPS
j - a smoky dark potion
Found 14 gold pieces.
You now have 59 gold pieces (gained 14).
Found a stone staircase leading down.
A hobgoblin comes into view.
The hobgoblin shouts!
A hobgoblin is nearby!
The hobgoblin barely misses you.
You hit the hobgoblin but do no damage. The hobgoblin closely misses you.
You hit the hobgoblin but do no damage. The hobgoblin hits you.
You hit the hobgoblin.
The hobgoblin is moderately wounded.
The hobgoblin hits you.
You hit the hobgoblin.
You kill the hobgoblin!
No target in view!
No target in view!
There is a stone staircase leading down here.
You climb downwards.
Found 4 gold pieces and a robe.
There is a stone staircase leading up here.
Throw: 22 stones
Press: ? - help, Q - select action Shift-Dir - straight line, f - scorpion
Aim: a scorpion (54% to hit)
You throw a stone. The stone closely misses the scorpion.
Throw: 21 stones
Press: ? - help, Q - select action Shift-Dir - straight line, f/p - scorpion
Aim: a scorpion (haloed, 75% to hit)
You throw a stone.
The stone hits the scorpion but does no damage.
Throw: 20 stones
Press: ? - help, Q - select action Shift-Dir - straight line, f/p - scorpion
Aim: a scorpion (haloed, 75% to hit)
You throw a stone. The stone barely misses the scorpion.
The scorpion closely misses you. The scorpion barely misses you.
You climb upwards.
There is a stone staircase leading down here.
You barely miss the scorpion. The scorpion stings you.
You barely miss the scorpion. The scorpion stings you. x2
* * * LOW HITPOINT WARNING * * *
You are too injured to fight recklessly!
Cleave: a) +0 hand axe
Press: ? - help, Dir - move target, f - scorpion
Aim: a scorpion (haloed, about 21% to evade your +0 hand axe)
You hit the scorpion.
The scorpion is lightly wounded.
The scorpion closely misses you.
Cleave: a) +0 hand axe
Press: ? - help, Dir - move target, f/p - scorpion
Aim: a scorpion (lightly wounded, haloed, about 21% to evade your +0 hand axe)
You completely miss the scorpion.
The scorpion is lightly wounded.
The scorpion barely misses you. x2
Cleave: a) +0 hand axe
Press: ? - help, Dir - move target, f/p - scorpion
Aim: a scorpion (lightly wounded, haloed, about 21% to evade your +0 hand axe)
You hit the scorpion but do no damage.
The scorpion is lightly wounded.
The scorpion misses you.
Cleave: a) +0 hand axe
Press: ? - help, Dir - move target, f/p - scorpion
Aim: a scorpion (lightly wounded, haloed, about 21% to evade your +0 hand axe)
You hit the scorpion.
The scorpion is moderately wounded.
The scorpion barely misses you.
Cleave: a) +0 hand axe
Press: ? - help, Dir - move target, f/p - scorpion
Aim: a scorpion (moderately wounded, haloed, about 21% to evade your +0 hand axe)
You hit the scorpion.
The scorpion is moderately wounded.
The scorpion stings you but does no damage.
The scorpion barely misses you.
Cleave: a) +0 hand axe
Press: ? - help, Dir - move target, f/p - scorpion
Aim: a scorpion (moderately wounded, haloed, about 21% to evade your +0 hand axe)
You hit the scorpion but do no damage.
The scorpion is moderately wounded.
The scorpion stings you.
* * * LOW HITPOINT WARNING * * *
Cleave: a) +0 hand axe
Press: ? - help, Dir - move target, f/p - scorpion
Aim: a scorpion (moderately wounded, haloed, about 21% to evade your +0 hand axe)
You hit the scorpion.
The scorpion is severely wounded.
The scorpion stings you.
You die...

#...... #. #
##.##### #. #. ..# #
###. .### #.# # ...
....####.#####
#.###.##...........
#....########.#####
######.†...........#
.......@s###########
##########


You could see a scorpion.

Vanquished Creatures
  3 giant cockroaches (D:1)
  A goblin (D:3)
  2 hobgoblins (D:3)
  A ball python (D:2)
  A bat (D:2)
  4 kobolds (D:3)
  3 rats
15 creatures vanquished.

Notes
Turn   | Place    | Note
-------+----------+-------------------------------------------
     0 | D:1      | jagoly the Gargoyle Monk began the quest for the Orb.
     0 | D:1      | Reached XP level 1. HP: 14/14 MP: 1/1
   244 | D:2      | Reached XP level 2. HP: 15/19 MP: 2/2
   280 | D:3      | Found a shadowy altar of Dithmenos.
   297 | D:3      | Reached skill level 1 in Stealth
   358 | D:3      | Found a glowing silver altar of Zin.
   358 | D:3      | Found an opulent altar of Gozag.
   447 | D:4      | Noticed a scorpion
   461 | D:3      | Slain by a scorpion

Illustrated notes

Levels and vault maps discovered:
D:1:      dpeg_arrival_prison, layout_loops_ring, serial_rivers,
          chequers_serial_rivers_small_3, chequers_serial_rivers_micro_e,
          chequers_serial_rivers_micro_d, chequers_serial_rivers_small_b,
          chequers_serial_rivers_micro_e
D:2:      layout_basic, minmay_hedge_maze, minmay_pentomino_o4
D:3:      minmay_goblin_kobold_castle, layout_loops_ring,
          grunt_temple_overflow_gold_and_silver,
          grunt_dithmenos_smoke_and_mirrors, serial_shops, shop,
          nicolae_concentric_dashed_squares_wild
D:4:      layout_rooms, makhleb_altar_promises_db

Skill      XL: |  1  2 |
---------------+-------+-----
Axes           | 3 |  3.1
Stealth        | 1 |  1.1
Fighting       | |  3.5
Dodging        | |  2.4

Action                     || total
---------------------------++-------
  Melee: Hand axe          ||    44
  Throw: Stone             ||     3
 Armour: Robe              ||    27
  Dodge: Dodged            ||    38
